 Dungeon Crawl Stone Soup version 0.22-a0-425-g89d60a1 (webtiles) character file.

51 incide the Magician (level 3, -1/29 HPs)
             Began as a Demonspawn Wanderer on May 24, 2018.
             Slain by an adder (4 damage)
             ... on level 3 of the Dungeon.
             The game lasted 00:05:10 (1137 turns).

incide the Magician (Demonspawn Wanderer)           Turns: 1137, Time: 00:05:11

Health: -1/29      AC:  7    Str: 11    XL:     3   Next: 58%
Magic:  17/17      EV:  8    Int: 15    God:
Gold:   119        SH:  0    Dex: 12    Spells: 10/10 levels left

rFire    . . .     SeeInvis .   j - +0 dagger
rCold    . . .     Gourm    .   (no shield)
rNeg     . . .     Faith    .   a - +0 scale mail
rPois    .         Spirit   .   (no helmet)
rElec    .         Reflect  .   (no cloak)
rCorr    .         Harm     .   q - +0 pair of gloves
MR       .....                  (no boots)
Stlth    ..........             (no amulet)
HPRegen  0.09/turn              i - ring of magical power
MPRegen  0.15/turn              (no ring)

@: lethally poisoned (-1 -> -4)
A: hooves 1, rot immunity
a: no special abilities


You were on level 3 of the Dungeon.
You were not hungry.

You visited 1 branch of the dungeon, and saw 3 of its levels.

You collected 119 gold pieces.

Inventory:

Hand Weapons
 d - a +0 blowgun
 j - a +0 dagger (weapon)
Missiles
 c - 22 poisoned needles
 n - 38 stones (quivered)
Armour
 a - a +0 scale mail (worn)
 e - a +0 robe
 q - a +0 pair of gloves (worn)
Jewellery
 i - a ring of magical power (left hand)
Wands
 r - a wand of flame (18)
Scrolls
 g - a scroll of identify {unknown}
 l - a scroll of enchant armour {unknown}
 o - a scroll of amnesia {unknown}
 p - a scroll of fog {unknown}
Potions
 k - a potion of haste
Comestibles
 b - a chunk of flesh {@w1}
 f - 3 rations


   Skills:
 + Level 3.3 Fighting
 - Level 1.0 Throwing
 - Level 1.0 Stealth
 - Level 4.0 Spellcasting
   Level 2.0 Conjurations
   Level 1.0 Ice Magic
   Level 1.0 Air Magic


You had 10 spell levels left.
You didn't know any spells.
Your spell library contained the following spells:

 Spells                   Type           Power        Failure   Level  Hunger
 Magic Dart               Conj           #...         45%         1    None
 Conjure Flame            Conj/Fire      #.......     92%         3    ###....
 Slow                     Hex            #.......     86%         2    ##.....
 Mephitic Cloud           Conj/Pois/Air  #.......     92%         3    ###....
 Blink                    Tloc           N/A          86%         2    ##.....
 Call Imp                 Summ           #.......     86%         2    ##.....
 Shroud of Golubria       Chrm/Tloc      #.........   86%         2    ##.....


Dungeon Overview and Level Annotations

Branches:
Dungeon (3/15)

Altars:


Innate Abilities, Weirdness & Mutations

You have large cloven feet.
You are immune to rotting.


Message History

The adder looks even sicker.
The adder is lightly wounded.
You feel sick. The adder bites you. x2
Wield which item (- for none, * to show all)? (? for menu, Esc to quit)
j - a +0 dagger (weapon)
It was a potion of haste.
You feel yourself speed up.
You feel sick. The adder closely misses you. The adder bites you.
* * * LOW HITPOINT WARNING * * *
It was a potion of agility.
You feel agile all of a sudden.
It was a potion of cancellation.
Your magical effects are unravelling.
You feel magically purged.
You feel yourself slow down.
You feel a little less agile now. The adder closely misses you.
You hit the adder.
The adder is heavily wounded.
* * * LOW HITPOINT WARNING * * *
You feel sick. The adder misses you. The adder bites you.
You die...

..... #...# ....
##########..## =.
#...#...# ... ...#
#.#.#.#.# #.##
.....###.#...#.###..#
((..(.S@.#####......##
.....(...#####.......##+
..(#####.#...#.#####.#..
# #.#.#.#.# #.#..
#.#.#...#####.#..
##########.....)#'
###...............#.
#.................#.
#.##................


You could see an adder.

Vanquished Creatures
  An adder (D:2)
  A worm (D:3)
  2 leopard geckos
  5 giant cockroaches
  3 goblins
  6 hobgoblins
  3 bats
  4 frilled lizards
  5 kobolds
  7 rats
37 creatures vanquished.

Notes
Turn   | Place    | Note
-------+----------+-------------------------------------------
     0 | D:1      | incide the Demonspawn Wanderer began the quest for the Orb.
     0 | D:1      | incide set off with: 12 poisoned needles, a +0 blowgun, a +0 robe, a ration
     0 | D:1      | Reached XP level 1. HP: 13/13 MP: 5/5
    40 | D:1      | Reached skill level 1 in Fighting
   147 | D:1      | Gained mutation: You have large cloven feet. [demonic ancestry]
   147 | D:1      | Reached XP level 2. HP: 22/22 MP: 7/7
   213 | D:1      | Reached skill level 2 in Fighting
   634 | D:2      | Gained mutation: You are immune to rotting. [demonic ancestry]
   634 | D:2      | Reached XP level 3. HP: 13/28 MP: 8/8
   641 | D:2      | Reached skill level 3 in Fighting
  1134 | D:3      | HP: 4/29 [adder (4)]
  1137 | D:3      | Slain by an adder

Vault maps used:
D:1:      lightli_molten_gateway
D:3:      bh_walls_and_bars

Skill      XL: |  1  2  3 |
---------------+----------+-----
Fighting       | 1 2 3 |  3.3
Throwing       | |  1.0
Stealth        | |  1.0
Spellcasting   | |  4.0
Conjurations   | |  2.0
Ice Magic      | |  1.0
Air Magic      | |  1.0

Action                   || total
-------------------------++-------
Melee: Dagger            ||   148
       Kick              ||    29
 Fire: Blowgun           ||    47
Throw: Stone             ||    16
  Use: Potion            ||     3
  Eat: Chunk             ||     1
Armor: Scale mail        ||    96
Dodge: Dodged            ||    91

Table legend:
 A = Spawn XP
 B = Non-spawn XP
 C = Spawn XP percentage of total XP
 D = Spawn monster count
 E = Non-spawn monster count
 F = Spawn count percentage of total count
 G = Total turns spent on level
                    A         B        C        D         E        F      G
               +---------+---------+-------+---------+---------+-------+---------
         Total |       0 |      74 |   0.0 |       0 |      37 |   0.0 |  1137
               +---------+---------+-------+---------+---------+-------+---------
           D:1 |       0 |      27 |   0.0 |       0 |      16 |   0.0 |   414
           D:2 |       0 |      30 |   0.0 |       0 |      12 |   0.0 |   415
           D:3 |       0 |      17 |   0.0 |       0 |       9 |   0.0 |   308
               +---------+---------+-------+---------+---------+-------+---------
